[Event "Titled Tuesday Blitz June 1 2021"]
[White "Timmermans, Mark"]
[Black "Fayzullaev, Akmal"]
[WhiteFideId "1026399"]
[BlackFideId "14200554"]
[WhiteElo "2460"]
[BlackElo "2264"]
[Result "0-1"]
[Round "11"]
[TimeControl "180+1"]
[Date "2021.06.01"]
[WhiteClock "0:00:20"]
[BlackClock "0:00:15"]

1. b4 Nf6 2. Bb2 b6 3. e3 Bb7 4. b5 a6 5. a4 e6 6. Nf3 Be7 7. c4 O-O 8. Be2 d5 9. O-O Nbd7 10. d4 c6 11. Nc3 dxc4 12. Bxc4 cxb5 13. axb5 a5 14. Be2 Rc8 15. Qb3 Bd6 16. Rfc1 Qe7 17. Na4 Bd5 18. Qd1 Ne4 19. Ne5 Rxc1 20. Rxc1 Rb8 21. f3 Nef6 22. e4 Ba8 23. Nc6 Bxc6 24. bxc6 Nf8 25. e5 Nd5 26. exd6 Qxd6 27. Bb5 Qb4 28. Qd3 Nc7 29. d5 exd5 30. Be5 Nfe6 31. Rb1 Qe7 32. Nc3 Qc5+ 33. Kh1 Re8 34. Bxc7 Nxc7 35. Ba4 Re3 36. Qf5 Qxc3 37. h3 g6 38. Qc8+ Ne8 39. c7 Qxc7 40. Qa8 Kg7 41. Bxe8 Qc2 42. Rg1 Qc5 43. Bc6 d4 44. Bd5 Re5 45. Bb3 Qb4 46. Ba2 Qb2 47. Bd5 d3 48. Qb7 Rf5 49. Be4 Rf6 50. Bxd3 a4 51. Bc4 a3 52. Qd5 h5 53. Kh2 Rf5 54. Qd3 b5 55. Bd5 b4 56. Rd1 Qe5+ 57. Kh1 Qxd5 58. Qc2 Qe6 59. Rd3 Qf6 60. Qd2 Qa1+ 61. Kh2 Qe5+ 62. Kh1 Qb5 63. Rb3 Rd5 64. Qe1 Qd7 65. Qxb4 a2 66. Qc3+ Kh7 67. Ra3 Rd1+ 68. Kh2 Qd6+ 69. g3 Qxa3 70. Qf6 Rd2+ 0-1


[Site "https://www.chess.com"]

[Event "Titled Tuesday Blitz June 1 2021"]
[White "Timofeev, Artyom"]
[Black "Tejedor Fuente, Enrique"]
[WhiteFideId "4140419"]
[BlackFideId "2299100"]
[WhiteElo "2582"]
[BlackElo "2535"]
[Result "1-0"]
[Round "11"]
[TimeControl "180+1"]
[Date "2021.06.01"]
[WhiteClock "0:01:05"]
[BlackClock "0:00:01"]

1. c4 e5 2. e3 Nc6 3. Nc3 d6 4. d4 Nf6 5. Nf3 Be7 6. dxe5 Nxe5 7. Be2 O-O 8. O-O Nxf3+ 9. Bxf3 Nd7 10. b3 Ne5 11. Be2 Bf6 12. Bb2 Bf5 13. Qd2 Re8 14. Nd5 Nd7 15. Nxf6+ Nxf6 16. f3 Nd7 17. e4 Be6 18. Rad1 a5 19. Qc3 f6 20. h3 Bf7 21. Kh2 Qe7 22. Kh1 Qe5 23. Qd2 Qe7 24. Rfe1 Nc5 25. Bd4 b6 26. Bf1 Ne6 27. Bf2 Nc5 28. Qc3 Qe5 29. Bd4 Qe7 30. a3 Qe6 31. b4 axb4 32. axb4 Nd7 33. f4 Qe7 34. Bg1 Ra2 35. c5 bxc5 36. bxc5 Nxc5 37. e5 fxe5 38. fxe5 Na4 39. Qg3 dxe5 40. Bd4 Qa3 41. Re3 Qf8 42. Rxe5 Rxe5 43. Bxe5 g6 44. Bf6 Be6 45. Rd8 Qxd8 46. Bxd8 Ra1 47. Qf4 Nc5 48. Kh2 1-0


[Site "https://www.chess.com"]

[Event "Titled Tuesday Blitz June 1 2021"]
[White "Tristan, Leonardo"]
[Black "Dobrov, Vladimir"]
[WhiteFideId "113816"]
[BlackFideId "4136594"]
[WhiteElo "2404"]
[BlackElo "2614"]
[Result "0-1"]
[Round "11"]
[TimeControl "180+1"]
[Date "2021.06.01"]
[WhiteClock "0:00:03"]
[BlackClock "0:00:51"]

1. e4 c5 2. Nc3 Nc6 3. Bb5 Nd4 4. Bc4 g6 5. Nf3 Bg7 6. Nxd4 cxd4 7. Qf3 f5 8. Ne2 Qa5 9. O-O e6 10. d3 Ne7 11. Qg3 O-O 12. a4 fxe4 13. dxe4 Qc5 14. Bd3 Nc6 15. Bf4 e5 16. Bd2 d5 17. b4 Nxb4 18. Bxb4 Qxb4 19. exd5 Bf5 20. Rab1 Qxa4 21. Rxb7 Rab8 22. Rxb8 Rxb8 23. f4 e4 24. Bxe4 Bxe4 25. f5 Rf8 26. f6 Bxf6 27. Qd6 Bf5 28. Ng3 Qxc2 29. Nxf5 gxf5 30. Qe6+ Kg7 31. d6 Qe4 32. Qd7+ Rf7 33. Qc8 d3 34. h4 Qd4+ 35. Kh1 Qxh4+ 0-1


[Site "https://www.chess.com"]

[Event "Titled Tuesday Blitz June 1 2021"]
[White "Urazayev, Arystanbek"]
[Black "Zierk, Steven"]
[WhiteFideId "13709810"]
[BlackFideId "2034255"]
[WhiteElo "2321"]
[BlackElo "2502"]
[Result "0-1"]
[Round "11"]
[TimeControl "180+1"]
[Date "2021.06.01"]
[WhiteClock "0:00:03"]
[BlackClock "0:00:12"]

1. d4 d5 2. c4 dxc4 3. Nf3 Nf6 4. e3 e6 5. Bxc4 c5 6. O-O a6 7. Nbd2 Nc6 8. dxc5 Bxc5 9. Qe2 O-O 10. b3 b6 11. Bb2 Bb7 12. Rfd1 Qe7 13. Rac1 Ba3 14. Bxa3 Qxa3 15. Nf1 Rfd8 16. Ng3 Nb4 17. Rxd8+ Rxd8 18. Rd1 Rc8 19. Qd2 h6 20. Ne5 b5 21. Bf1 Nbd5 22. f3 Qc5 23. Kf2 Nc3 24. Qd8+ Rxd8 25. Rxd8+ Kh7 26. Nxf7 g5 27. Nd6 Nd1+ 28. Ke1 Nxe3 29. Bd3+ Kg7 30. Nxb7 Nxg2+ 31. Kd2 Qc7 32. Rd6 Qxb7 33. Rxe6 Nh4 34. Rd6 Nxf3+ 35. Ke3 Ng4+ 36. Ke2 Ng1+ 37. Kf1 Qf3+ 38. Ke1 Qf2+ 39. Kd1 Ne3+ 40. Kc1 Nf3 41. Nh5+ Kf8 42. Be4 Qe1+ 43. Kb2 Nd1+ 44. Ka3 Qa5# 0-1


[Site "https://www.chess.com"]

[Event "Titled Tuesday Blitz June 1 2021"]
[White "Vazquez, Facundo"]
[Black "Sukandar, Irine Kharisma"]
[WhiteFideId "3007669"]
[BlackFideId "7101937"]
[WhiteElo "1984"]
[BlackElo "2313"]
[Result "1-0"]
[Round "11"]
[TimeControl "180+1"]
[Date "2021.06.01"]
[WhiteClock "0:00:12"]
[BlackClock "0:00:02"]

1. d4 Nf6 2. c4 c5 3. d5 b5 4. cxb5 a6 5. bxa6 g6 6. Nc3 Bxa6 7. e4 Bxf1 8. Kxf1 d6 9. Nf3 Bg7 10. g3 O-O 11. Kg2 Qb6 12. a4 Na6 13. Nd2 Nd7 14. Nb5 Nc7 15. Nc4 Qb7 16. Nca3 Rfb8 17. Qc2 Nb6 18. Nxc7 Qxc7 19. Nb5 Qc8 20. a5 Nxd5 21. Nxd6 exd6 22. exd5 Rb5 23. Re1 Rbxa5 24. Rxa5 Rxa5 25. b3 Ra8 26. Bf4 Qb7 27. Qc4 Rd8 28. Bg5 Rb8 29. Re7 Qc8 30. Qf4 Qf8 31. Qxd6 Rxb3 32. Qxc5 Rb7 33. d6 Qa8 34. Qd5 Rb8 35. Qxa8 Rxa8 36. d7 Kf8 37. Re3 f6 38. Bf4 Rd8 39. Rd3 Kf7 40. Bc7 Ke7 41. Bxd8+ Kxd8 42. Kf3 Bf8 43. h4 Bc5 44. Kg2 f5 45. f3 Bb6 46. h5 Ke7 47. hxg6 hxg6 48. Kh3 Bd8 49. g4 Ke6 50. gxf5+ gxf5 51. f4 Kf7 52. Kg3 Ke6 53. Kf3 Kf7 54. Ke3 Bb6+ 55. Kd2 Bd8 56. Kc3 Kg6 57. Kc4 Kh5 58. Kd5 Kg4 59. Rd4 1-0


[Site "https://www.chess.com"]

[Event "Titled Tuesday Blitz June 1 2021"]
[White "Vazquez, Guillermo"]
[Black "Jarovinsky, Alexey"]
[WhiteFideId "3702308"]
[BlackFideId "14115131"]
[WhiteElo "2536"]
[BlackElo "2446"]
[Result "0-1"]
[Round "11"]
[TimeControl "180+1"]
[Date "2021.06.01"]
[WhiteClock "0:00:57"]
[BlackClock "0:00:30"]

1. b4 a5 2. b5 a4 3. e4 e6 4. d3 d5 5. Nd2 Bb4 6. Rb1 Bc3 7. Ne2 Ba5 8. g3 dxe4 9. dxe4 Nd7 10. Bg2 Nb6 11. O-O e5 12. f4 Be6 13. a3 Nf6 14. h3 Nc4 15. f5 Ne3 16. fxe6 Nxd1 17. exf7+ Kxf7 18. Rxd1 Qd7 19. Kh2 Rhd8 20. Ng1 Bxd2 21. Bxd2 Qxd2 22. Rxd2 Rxd2 23. Nf3 Rxc2 24. Nxe5+ Ke7 25. Nf3 Rd8 26. e5 Ne4 27. Re1 Nd2 28. Nh4 g6 29. Kh1 Rd3 30. g4 Rxa3 31. e6 Rb3 32. Re2 a3 0-1


[Site "https://www.chess.com"]

[Event "Titled Tuesday Blitz June 1 2021"]
[White "Viswanadha, Kesav"]
[Black "Quintin Navarro, Alberto"]
[WhiteFideId "2059533"]
[BlackFideId "2292688"]
[WhiteElo "2191"]
[BlackElo "2289"]
[Result "0-1"]
[Round "11"]
[TimeControl "180+1"]
[Date "2021.06.01"]
[WhiteClock "0:00:14"]
[BlackClock "0:00:03"]

1. e4 e5 2. Nf3 Nc6 3. Bb5 a6 4. Ba4 Nf6 5. O-O Be7 6. Re1 b5 7. Bb3 d6 8. c3 O-O 9. d4 Bg4 10. d5 Na5 11. Bc2 c6 12. h3 Bd7 13. dxc6 Bxc6 14. Nbd2 Nb7 15. b4 Qc7 16. Nf1 Nd8 17. Ng3 Re8 18. Nf5 Bf8 19. Bg5 Nd7 20. Qd2 Ne6 21. Be3 Nf6 22. Ng5 Rad8 23. Qe2 h6 24. Nxe6 fxe6 25. Ng3 Be7 26. Nh5 Rf8 27. Rad1 Nxh5 28. Qxh5 Rf6 29. Qg4 Kh8 30. Bb3 d5 31. Bc2 Rdf8 32. Re2 Qb7 33. f4 exf4 34. e5 fxe3 35. exf6 Rxf6 36. Rf1 Qd7 37. Rxf6 Bxf6 38. Rxe3 d4 39. Rxe6 d3 40. Bd1 Bxc3 41. Qf5 Bf6 42. Rxf6 Qd4+ 43. Kh2 Qxf6 44. Qxd3 Qf4+ 45. g3 Qf2# 0-1


[Site "https://www.chess.com"]

[Event "Titled Tuesday Blitz June 1 2021"]
[White "Vlassov, Nikolai"]
[Black "Gogolev, Artem"]
[WhiteFideId "4103360"]
[BlackFideId "4116615"]
[WhiteElo "2407"]
[BlackElo "2191"]
[Result "1-0"]
[Round "11"]
[TimeControl "180+1"]
[Date "2021.06.01"]
[WhiteClock "0:00:31"]
[BlackClock "0:00:02"]

1. g4 d5 2. Bg2 c6 3. h3 h5 4. g5 h4 5. g6 fxg6 6. c4 Nf6 7. d4 Bf5 8. Nc3 e6 9. f3 Bb4 10. Bg5 Qa5 11. Bxf6 Bxc3+ 12. bxc3 Qxc3+ 13. Kf1 gxf6 14. Rc1 Qe3 15. Ke1 g5 16. Qd2 Qxd2+ 17. Kxd2 Nd7 18. e4 Bg6 19. Ne2 dxc4 20. Rxc4 Nb6 21. Rb4 O-O-O 22. Ke3 e5 23. Rc1 exd4+ 24. Nxd4 Rd6 25. a4 Kb8 26. a5 Rxd4 27. Kxd4 Rd8+ 28. Ke3 Nc8 29. Rxc6 Rf8 30. f4 Be8 31. Rc1 Bd7 32. e5 b6 33. exf6 Rxf6 34. fxg5 Rf5 35. axb6 axb6 36. Rxh4 Rxg5 37. Be4 Rg3+ 38. Kd4 Rxh3 39. Rf4 Rh7 40. Bxh7 1-0


[Site "https://www.chess.com"]

[Event "Titled Tuesday Blitz June 1 2021"]
[White "Von Buelow, Georg"]
[Black "Hebden, Mark L"]
[WhiteFideId "4620658"]
[BlackFideId "400084"]
[WhiteElo "2281"]
[BlackElo "2457"]
[Result "0-1"]
[Round "11"]
[TimeControl "180+1"]
[Date "2021.06.01"]
[WhiteClock "0:00:09"]
[BlackClock "0:01:02"]

1. e4 e5 2. Nf3 Nc6 3. Bb5 a6 4. Ba4 Nf6 5. O-O Be7 6. Re1 b5 7. Bb3 O-O 8. c3 d5 9. exd5 Nxd5 10. Nxe5 Nxe5 11. Rxe5 c6 12. d3 Bd6 13. Re1 Qh4 14. g3 Qh3 15. Re4 Nf6 16. Rh4 Qf5 17. Nd2 Ng4 18. Ne4 Be7 19. Rxg4 Qxg4 20. f3 Qg6 21. Be3 Be6 22. Bc2 f5 23. Nc5 Bd5 24. f4 Rfe8 25. Qd2 Bd6 26. Rf1 a5 27. d4 a4 28. a3 Bxc5 29. dxc5 Be4 30. Bd1 Rad8 31. Bd4 Qe6 32. Qf2 Qa2 33. Bh5 g6 34. Bd1 Qc4 35. h4 Qd5 36. Re1 Bh1 37. Re5 Rxe5 38. fxe5 Be4 39. Be2 Qb3 40. Bf1 Qd1 41. h5 g5 42. h6 Qf3 43. Qxf3 Bxf3 44. Kf2 Be4 45. Ke3 Kf7 46. g4 Kg6 47. gxf5+ Bxf5 48. Bg2 Rc8 49. e6 Bxe6 50. Be4+ Bf5 51. Bxf5+ Kxf5 52. Bg7 Re8+ 0-1


[Site "https://www.chess.com"]

[Event "Titled Tuesday Blitz June 1 2021"]
[White "Vukovic, Zdravko"]
[Black "Wagner, Dennis"]
[WhiteFideId "900877"]
[BlackFideId "24650684"]
[WhiteElo "2549"]
[BlackElo "2355"]
[Result "1-0"]
[Round "11"]
[TimeControl "180+1"]
[Date "2021.06.01"]
[WhiteClock "0:00:47"]
[BlackClock "0:00:32"]

1. e4 e5 2. d4 exd4 3. Nf3 Nc6 4. Nxd4 Nf6 5. Nxc6 bxc6 6. e5 Qe7 7. Qe2 Nd5 8. Nd2 a5 9. a3 a4 10. Qe4 g6 11. c4 f5 12. exf6 Nxf6 13. Qxe7+ Bxe7 14. Bd3 O-O 15. O-O Bc5 16. Nf3 d6 17. h3 Bf5 18. Bxf5 gxf5 19. Be3 Ne4 20. Bxc5 Nxc5 21. Nd4 Ra6 22. Rfe1 Nd3 23. Re2 Ne5 24. c5 f4 25. Ne6 Rf7 26. Rd1 f3 27. Re3 Re7 28. cxd6 cxd6 29. Rxd6 Nf7 30. Rd4 fxg2 31. Rg4+ Kh8 32. Nd8 h5 33. Rxe7 hxg4 34. Nxf7+ Kg7 35. hxg4 Kf6 36. Rc7 Rb6 37. g5+ Kg6 38. Rxc6+ Rxc6 39. Ne5+ Kxg5 40. Nxc6 Kf4 41. Kxg2 Ke4 42. Kg3 1-0


[Site "https://www.chess.com"]

[Event "Titled Tuesday Blitz June 1 2021"]
[White "Weetik, Vjacheslav"]
[Black "Reprintsev, Alexander"]
[WhiteFideId "4153472"]
[BlackFideId "14100541"]
[WhiteElo "2469"]
[BlackElo "2177"]
[Result "1-0"]
[Round "11"]
[TimeControl "180+1"]
[Date "2021.06.01"]
[WhiteClock "0:00:12"]
[BlackClock "0:00:22"]

1. c3 b6 2. d3 f5 3. e4 fxe4 4. dxe4 Bb7 5. Bd3 Nc6 6. c4 e5 7. Nc3 Bb4 8. Ne2 Nf6 9. a3 Bc5 10. b4 Bd4 11. O-O O-O 12. Nxd4 Nxd4 13. Be3 c5 14. Nd5 Bxd5 15. exd5 d6 16. f4 e4 17. Bb1 Nf5 18. Bc1 Qe7 19. Ra2 Rae8 20. Re2 Nd4 21. Ree1 Qd7 22. Bb2 Re7 23. Bxd4 cxd4 24. Qxd4 Rfe8 25. h3 h6 26. Re3 Kh8 27. Bc2 Qf5 28. g4 Qg6 29. Kh2 h5 30. g5 Nd7 31. Rfe1 Qf5 32. Rxe4 Rxe4 33. Rxe4 Rf8 34. Bd3 h4 35. Re7 Qxf4+ 36. Qxf4 Rxf4 37. Rxd7 g6 38. Rxd6 Rf2+ 39. Kg1 Rf3 40. Bxg6 Rxh3 41. c5 bxc5 42. bxc5 Rxa3 43. c6 Rg3+ 44. Kh2 Rxg5 45. Be4 Kg7 46. c7 1-0


[Site "https://www.chess.com"]

[Event "Titled Tuesday Blitz June 1 2021"]
[White "Yeletsky, Ivan"]
[Black "Terry, Renato"]
[WhiteFideId "24180327"]
[BlackFideId "3803457"]
[WhiteElo "2344"]
[BlackElo "2581"]
[Result "1-0"]
[Round "11"]
[TimeControl "180+1"]
[Date "2021.06.01"]
[WhiteClock "0:00:03"]
[BlackClock "0:00:01"]

1. d4 e6 2. c4 Bb4+ 3. Bd2 Qe7 4. Nf3 Nf6 5. Nc3 O-O 6. g3 d6 7. Bg2 Bxc3 8. Bxc3 Ne4 9. Rc1 Nxc3 10. Rxc3 e5 11. O-O Nc6 12. d5 Nb8 13. c5 Nd7 14. cxd6 cxd6 15. Qa4 Nc5 16. Qa3 Bg4 17. Rfc1 a5 18. Re3 Bxf3 19. exf3 Qd7 20. Rce1 b5 21. Qc3 b4 22. Qd2 Rac8 23. b3 Qf5 24. h4 Nd7 25. Rd3 Rc5 26. Kh2 Nf6 27. Bh3 Qg6 28. Kg2 Nh5 29. Kh2 f5 30. f4 e4 31. Rd4 Nf6 32. Rc1 Rfc8 33. Rxc5 Rxc5 34. Qe2 h5 35. Qa6 Rc2 36. Kg1 e3 37. Rc4 exf2+ 38. Kg2 Rxc4 39. Qxc4 f1=Q+ 40. Qxf1 Ne4 41. Qd3 Qf6 42. Qc2 g6 43. Qc8+ Kg7 44. Qd7+ Kh6 45. Kh2 Qb2+ 46. Bg2 Nf2 47. Qd8 Ng4+ 48. Kh3 Qf6 49. Qd7 Nf2+ 50. Kh2 Ng4+ 51. Kh3 1-0


[Site "https://www.chess.com"]

[Event "Titled Tuesday Blitz June 1 2021"]
[White "Yurovskykh, Oleksandr"]
[Black "Ronka, Erik"]
[WhiteFideId "14134020"]
[BlackFideId "505080"]
[WhiteElo "2339"]
[BlackElo "2264"]
[Result "1-0"]
[Round "11"]
[TimeControl "180+1"]
[Date "2021.06.01"]
[WhiteClock "0:00:12"]
[BlackClock "0:00:05"]

1. d4 Nf6 2. Nf3 g6 3. Bg5 Bg7 4. Nbd2 O-O 5. c3 d6 6. e4 c5 7. dxc5 dxc5 8. Be2 b6 9. O-O Bb7 10. Qc2 Nc6 11. Rfe1 Qc7 12. a4 Rfd8 13. Nc4 h6 14. Bh4 Nh5 15. Nfd2 Nf4 16. Bf1 Rd7 17. f3 Rad8 18. Rad1 a6 19. Na3 Nd3 20. Bxd3 Rxd3 21. Ndc4 Rxd1 22. Rxd1 Rxd1+ 23. Qxd1 Bc8 24. Bg3 Qb7 25. Ne3 Be6 26. Qd3 Kh7 27. Kf2 Ne5 28. Bxe5 Bxe5 29. h3 Qc7 30. Nd5 Bg3+ 31. Ke2 Qb7 32. b3 Be5 33. Nc4 Bc7 34. Nxe7 b5 35. axb5 axb5 36. Nd2 Be5 37. Nd5 Qc6 38. c4 bxc4 39. bxc4 Bd4 40. Nb3 Be5 41. Qe3 Bd6 42. Qc3 h5 43. g4 hxg4 44. hxg4 g5 45. Nd2 Qa6 46. Qb2 Qc8 47. Nf1 Bxd5 48. exd5 Qe8+ 49. Kf2 Be5 50. Qb1+ Kg7 51. Qe4 Bd4+ 52. Kg2 Qa8 53. Qe2 Qa3 54. Ng3 Qc1 55. Nf5+ Kg6 56. Nxd4 cxd4 57. Qe4+ Kh6 58. Qxd4 Qc2+ 59. Kg3 Qd1 60. Qf2 Qd3 61. Qh2+ Kg7 62. Qb2+ Kg6 63. Qc1 Qd4 64. Kg2 Qd3 65. c5 Qe2+ 66. Kg3 Qe5+ 67. Kh3 Qxd5 68. c6 Qxf3+ 69. Kh2 Qf2+ 70. Kh1 Qf3+ 71. Kg1 Qxg4+ 72. Kf1 Qf5+ 73. Ke2 Qe5+ 74. Kd2 Qd6+ 75. Ke1 Qe5+ 76. Kd1 Qd6+ 77. Ke1 Qc7 78. Qc5 f5 79. Qd5 Kf6 80. Kf1 g4 81. Kg2 Kg5 82. Qg8+ Kf4 83. Qd5 Kg5 84. Qc5 Kh4 85. Qc1 f4 86. Qh1+ Kg5 87. Qc1 Kh4 88. Qc5 f3+ 89. Kf1 Qg3 90. Qe7+ Kh5 91. Qh7+ Kg5 92. Qg7+ Kh5 93. Qh7+ Kg5 94. Qe7+ Kf5 95. Qf7+ Ke4 96. Qe6+ Kd4 97. Qf6+ Kc5 98. Qe7+ Kxc6 99. Qe8+ Kd5 100. Qd7+ Ke4 101. Qe6+ Kf4 102. Qd6+ Kg5 103. Qxg3 Kf5 104. Kf2 Kg5 105. Ke3 Kf5 106. Qf4+ Ke6 107. Qxg4+ Kd5 108. Qxf3+ 1-0


[Site "https://www.chess.com"]

[Event "Titled Tuesday Blitz June 1 2021"]
[White "Zhigalko, Sergei"]
[Black "Quintiliano Pinto, Renato R."]
[WhiteFideId "13502956"]
[BlackFideId "2117568"]
[WhiteElo "2662"]
[BlackElo "2439"]
[Result "1-0"]
[Round "11"]
[TimeControl "180+1"]
[Date "2021.06.01"]
[WhiteClock "0:00:04"]
[BlackClock "0:00:05"]

1. e4 c5 2. Nf3 d6 3. d4 cxd4 4. Qxd4 Nc6 5. Bb5 Bd7 6. Bxc6 Bxc6 7. Nc3 Nf6 8. Bg5 e6 9. O-O-O Be7 10. Rhe1 O-O 11. Kb1 Qa5 12. Qd2 Qa6 13. Nd4 Rac8 14. f3 Rfd8 15. g4 b5 16. Nce2 Qb7 17. Ng3 b4 18. Nh5 Ne8 19. Bxe7 Qxe7 20. Qxb4 Ba8 21. Qd2 g6 22. Rg1 Kh8 23. Qh6 Kg8 24. h4 Qf8 25. Qxf8+ Kxf8 26. Ng3 e5 27. Nb5 d5 28. Nxa7 Rb8 29. a4 Nc7 30. exd5 Bxd5 31. Ne4 Bxe4 32. fxe4 Rxd1+ 33. Rxd1 Rb4 34. Rd7 Ne6 35. a5 Nc5 36. Rd5 Nxe4 37. Rxe5 Nc3+ 38. Kc1 Na2+ 39. Kd2 Rxb2 40. Nc6 Rb7 41. a6 Rd7+ 42. Ke3 Nb4 43. Nxb4 1-0